 Dungeon Crawl Stone Soup version 0.30.1-9-gdf580d7c3d (webtiles) character file.

Game seed: 9008444949560680785

28 Peloso the Covered (level 2, 27/27 HPs)
             Began as a Minotaur Fighter on Oct 12, 2023.
             Got out of the dungeon alive.
             The game lasted 00:01:18 (689 turns).

Peloso the Covered (Minotaur Fighter)                Turns: 689, Time: 00:01:18

Health: 27/27      AC:  7    Str: 20    XL:     2   Next: 96%
Magic:  1/1        EV:  9    Int:  5    God:
Gold:   66         SH:  4    Dex:  9    Spells: 1/1 levels left

rFire   + + .        a - +0 long sword
rCold   . . .        c - +0 buckler
rNeg    . . .        b - +0 scale mail
rPois   .            (helmet restricted)
rElec   .            (no cloak)
rCorr   .            (no gloves)
SInv    .            (no boots)
Will    .....        f - amulet of the acrobat Stlth
                     (no ring)
HPRegen 0.24/turn    (no ring)
MPRegen 0.07/turn

%: acrobat
@: no status effects
A: horns 2, retaliatory headbutt, deterioration 1, fire resistance 2
a: no special abilities


You escaped.
You visited 1 branch of the dungeon, and saw 1 of its levels.

You collected 66 gold pieces.

Inventory:

Hand Weapons
 a - a +0 long sword (weapon)
Armour
 b - a +0 scale mail (worn)
 c - a +0 buckler (worn)
Jewellery
 f - an amulet of the acrobat (around neck)
Scrolls
 h - a scroll of enchant weapon {unknown}
 i - 2 scrolls of identify {unknown}
 j - a scroll of blinking {unknown}
Potions
 d - a potion of might


   Skills:
 + Level 3.9 Fighting
 + Level 3.1 Long Blades
 + Level 4.1 Armour
 + Level 4.0 Shields


You had one spell level left.
You didn't know any spells.
Your spell library contained the following spells:

 Spells                   Type           Power      Damage    Failure   Level
 Sting                    Tmut/Pois      0%         1d3       88%         1
 Ensorcelled Hibernation  Hex/Ice        0%         N/A       95%         2
 Passwall                 Tmut/Erth      0%         N/A       95%         2
 Swiftness                Air            0%         N/A       99%         3


Dungeon Overview and Level Annotations

Branches:
Dungeon (1/15)

Altars:

Shops:
D:1 :


Innate Abilities, Weirdness & Mutations

You have a pair of horns on your head.
You reflexively headbutt those who attack you in melee.
Your body sometimes deteriorates upon taking damage.
Your flesh is very heat resistant. (rF++)


Message History

You see here a rat corpse.
A kobold comes into view. It is wielding a +0 dagger.
The kobold shouts!
The kobold misses you.
You barely miss the kobold. You headbutt the kobold.
You kill the kobold!
Things that are here:
a +0 dagger; a kobold corpse
Found a stone staircase leading down.
There is a stone staircase leading down here.
You see here 6 stones.
A bat comes into view.
The bat completely misses you.
A bat is nearby!
A bat is nearby!
The bat closely misses you. You furiously retaliate!
You headbutt the bat. The bat misses you. You furiously retaliate!
You headbutt the bat!
You kill the bat!
You see here a bat corpse.
Done exploring.
Done exploring.
Done exploring.
Done exploring.
It was a potion of invisibility.
You fade into invisibility!
It was a potion of heal wounds.
You feel much better.
It was a potion of mutation.
You feel extremely strange.
You feel resistant to heat.
You feel yourself wasting away.
You feel more resistant to heat.
(D) Dungeon
Where to? (? - help)
What level of the Dungeon? (default 1, ? - help)
You see here a bat corpse.
There is an escape hatch in the floor here.
You flicker for a moment.
You flicker back into view.
There is a staircase leading out of the dungeon here.
You can't go down here!
Are you sure you want to leave the Dungeon?
This will make you lose the game!
You have escaped!

#.....# ## ##...##
##.##
################
#.............>#
#..#.(#..#..#..##
#...............##
#.................
#@............>###
#..............###
#................#
#..#..#..#..#..#.#
#.............>...
##################


There were no monsters in sight!

Vanquished Creatures
  A dart slug (D:1)
  2 ball pythons (D:1)
  4 endoplasms (D:1)
  A giant cockroach (D:1)
  2 goblins (D:1)
  A hobgoblin (D:1)
  3 kobolds (D:1)
  2 quokkas (D:1)
  3 bats (D:1)
  A frilled lizard (D:1)
  2 rats (D:1)
22 creatures vanquished.

Notes
Turn   | Place    | Note
-------+----------+-------------------------------------------
     0 | D:1      | Peloso the Minotaur Fighter began the quest for the Orb.
     0 | D:1      | Reached XP level 1. HP: 19/19 MP: 0/0
   101 | D:1      | Reached XP level 2. HP: 27/27 MP: 1/1
   445 | D:1      | Found Hazaghun's Book Boutique.
   527 | D:1      | Found a faded altar of an unknown god.
   542 | D:1      | Got Plato's Teachings on the Coward
   650 | D:1      | Gained mutation: Your flesh is heat resistant. (rF+)
                  | [potion of mutation]
   650 | D:1      | Gained mutation: Your body sometimes deteriorates upon
                  | taking damage. [potion of mutation]
   650 | D:1      | Gained mutation: Your flesh is very heat resistant. (rF++)
                  | [potion of mutation]
   689 | D:$      | Got out of the dungeon alive.

Illustrated notes

Levels and vault maps discovered:
D:1:      lemuel_arrival_broad_hall, layout_loops_ring, serial_shops, shop,
          shapermc_ecumenical_altar_rom_forum, minmay_tetromino_s2

Skill      XL: |  1  2 |
---------------+-------+-----
Shields        | 4 |  4.0
Armour         | 4 |  4.1
Long Blades    | 3 |  3.1
Fighting       | |  3.9

Action                     || total
---------------------------++-------
  Melee: Long sword        ||    44
         Headbutt          ||     7
    Use: Potion            ||     3
 Armour: Scale mail        ||    13
  Dodge: Dodged            ||    29
  Block: Buckler           ||     5
